[Event "*** Titled Tuesday Blitz"]
[Site "Chess.com"]
[Date "2020.10.20"]
[Round "9"]
[White "kleopl"]
[Black "Kolle05"]
[Result "1-0"]
[WhiteElo "2449"]
[BlackElo "2303"]
[TimeControl "180+1"]
[EndTime "11:48:57 PDT"]
[Termination "kleopl won by resignation"]

1. e4 c5 2. Nc3 Nc6 3. Bb5 g6 4. Bxc6 dxc6 5. f4 Bg7 6. Nf3 h5 7. d3 Nh6 8. O-O Ng4 9. Kh1 h4 10. h3 Nf6 11. Qe1 Nh5 12. Nxh4 Qc7 13. Be3 b6 14. Rb1 Bd7 15. Ne2 O-O-O 16. e5 g5 17.
fxg5 Bxe5 18. Nf5 Ng7 19. Nxg7 Bxh3 20. gxh3 Rxh3+ 21. Kg2 Rxe3 22. Qf2 Rxe2 23. Qxe2 Bxg7 24. Rxf7 Be5 25. Rbf1 Kb7 26. b3 Rh8 27. Rh1 Rg8 28. Rf5 Bf4 29. Qe6 Rxg5+ 30. Rxg5 Bxg5 31. Rh8 Ka6 32. Qc8+ Qxc8 33. Rxc8 Kb5 34. Kf3 Kb4 35. Ke2 Ka3 36.
Ra8 a5 37. Rb8 b5 38. Rb6 Kxa2 39. Rxc6 a4 40. Rxc5 Bf6 41. Rxb5 a3 42. b4 Kb2 43. c4 a2 44. Ra5 a1=Q 45. Rxa1 Kxa1 46. Ke3 Kb2 47.
b5 Kc3 48. Ke4 Bd4 49. Kd5 Kxd3 50. c5 e5 51. b6 e4 52. b7 e3 53. b8=Q e2 54.
Qb3+ Bc3 55. Qc4+ Kd2 56. Qf4+ Kd1 57. Qg4 Kd2 58. Qg2 Kd1 59. Qf3 Kd2 60. Qf2 Kd1 61. Qf3 Kd2 62. Kc4 e1=Q 63. Qxc3+ Kd1 64. Qxe1+ Kxe1 65. c6 1-0

[Event "*** Titled Tuesday Blitz"]
[Site "Chess.com"]
[Date "2020.10.20"]
[Round "9"]
[White "German_Bazeev"]
[Black "platy3"]
[Result "0-1"]
[WhiteElo "2712"]
[BlackElo "2830"]
[TimeControl "180+1"]
[EndTime "11:48:58 PDT"]
[Termination "platy3 won by resignation"]

1. d4 Nf6 2. Nf3 d5 3. c4 e6 4. g3 dxc4 5. Bg2 a6 6. Ne5 Bb4+ 7. Nc3 Nd5 8. Bd2 Nb6 9. e3 N8d7 10. Nxd7 Qxd7 11.
Ne4 Qb5 12. O-O O-O 13. Bxb4 Qxb4 14. Qd2 a5 15. Rac1 Bd7 16. a3 Qxd2 17. Nxd2 Bb5 18. Rfd1 c6 19. Bf1 Ra6 20. Nxc4 Nxc4 21. Bxc4 Rb6 22.
Ba2 Be2 23. Rd2 Bf3 24. Rc5 Ra8 25. h3 h5 26. Bc4 g6 27. Be2 Bd5 28. f3 Bb3 29. Kf2 Kf8 30. e4 Ke7 31. Ke3 a4 32. h4 Rd8 33. Rc3 Ra8 34. Rc5 Rd8 35. Ra5 Kd6 36.
g4 hxg4 37. fxg4 Ke7 38. h5 gxh5 39. gxh5 Rg8 40. Bf3 Rg3 41. Kf4 Rg8 42. h6 Ra6 43. Rxa6 bxa6 44. e5 Rh8 45. Rh2 Bd5 46. Bxd5 cxd5 47.
h7 Kf8 48. Kg5 Kg7 49. Rh3 Rxh7 50. Rxh7+ Kxh7 51. Kf6 Kg8 52. Ke7 Kg7 53. Kd7 f5 54. Kxe6 f4 55. Kd7 f3 56. e6 f2 57. e7 f1=Q 58. e8=Q Qb5+ 59. Ke7 Qxe8+ 60. Kxe8 Kf6 61. Kd7 Kf5 62. Kd6 Ke4 63. Kc5 a5 64. Kb5 Kxd4 65.
Kxa4 Kc4 66. b4 d4 67. bxa5 d3 68. a6 0-1

[Event "*** Titled Tuesday Blitz"]
[Site "Chess.com"]
[Date "2020.10.20"]
[Round "9"]
[White "Koalaskakistis"]
[Black "ciucas1892"]
[Result "1-0"]
[WhiteElo "2469"]
[BlackElo "2356"]
[TimeControl "180+1"]
[EndTime "11:48:58 PDT"]
[Termination "Koalaskakistis won by checkmate"]

1. Nf3 g6 2. g3 Bg7 3. Bg2 Nf6 4. O-O O-O 5. d3 d5 6. Nbd2 c5 7. e4 Nc6 8. Re1 e5 9. exd5 Nxd5 10. Nc4 Re8 11.
Ng5 h6 12. Ne4 b6 13. Ned6 Be6 14. Nxe8 Qxe8 15. c3 Rd8 16. Qa4 Nde7 17. Qc2 b5 18.
Ne3 b4 19. Nc4 Qd7 20. Be3 Qxd3 21. Qxd3 Rxd3 22. Bf1 Bxc4 23. Bxd3 Bxd3 24. Bxc5 bxc3 25. bxc3 e4 26. Rac1 Nd5 27. f3 Nxc3 28. fxe4 Ne2+ 29. Rxe2 Bxe2 30. Kf2 Bb5 31. Ke3 Be5 32. Rb1 Bc4 33. a4 f5 34. Rb7 a6 35. exf5 gxf5 36. Rb6 Bd5 37. Rxa6 h5 38. Ra8+ Kf7 39. Rc8 h4 40.
a5 hxg3 41. hxg3 Bxg3 42. a6 f4+ 43. Kd3 f3 44. Rf8+ Ke6 45. a7 Ne5+ 46. Ke3 f2 47. Ke2 Bc4+ 48. Kd2 Bd5 49. Bxf2 Bxf2 50. Rxf2 Nc4+ 51.
Kc3 Nb6 52. Kb4 Kd6 53. Rf6+ Kc7 54. Kb5 Bc4+ 55. Ka5 Bd5 56. Rh6 Kb7 57. Rxb6+ Kxa7 58. Rd6 Bb7 59. Rd7 Kb8 60. Kb6 Ka8 61. Rd8+ Bc8 62.
Rxc8# 1-0

[Event "*** Titled Tuesday Blitz"]
[Site "Chess.com"]
[Date "2020.10.20"]
[Round "9"]
[White "ajedrezhoy"]
[Black "Das_Virus_2020"]
[Result "0-1"]
[WhiteElo "2223"]
[BlackElo "2429"]
[TimeControl "180+1"]
[EndTime "11:48:59 PDT"]
[Termination "Das_Virus_2020 won on time"]

1. d4 Nf6 2. Bg5 e6 3. e4 Be7 4. Nd2 d5 5. e5 Nfd7 6. Bxe7 Qxe7 7. Bd3 c5 8. c3 Nc6 9. Ne2 f6 10. exf6 Nxf6 11. Nf3 O-O 12. O-O Bd7 13. Re1 Rae8 14.
Nf4 Qd6 15. Ne5 Re7 16. Re3 Be8 17. Rh3 Nxe5 18. dxe5 Qxe5 19. Qd2 Ne4 20. Bxe4 Qxe4 21. Nd3 Bg6 22. Re1 Qa4 23. Nxc5 Qc6 24. Nd3 Bxd3 25. Qxd3 g6 26. Rhe3 Rf6 27. Qe2 a6 28.
g3 Kg7 29. f4 b5 30. Re5 Qc5+ 31. Qe3 Qxe3+ 32. R1xe3 Kf7 33. h4 Rc7 34. Rd3 Rf5 35. Rxf5+ gxf5 36. Kf2 Rc4 37. b3 Re4 38. Rd1 h5 39.
Ra1 Ke7 40. a4 b4 41. Rc1 Kd6 42. cxb4 Rxb4 43. Rc3 d4 44. Rd3 Kd5 45. Kf3 a5 46. Ke2 Ke4 47. Kd2 Rb6 48. Kc2 Rc6+ 49. Kd2 Rc5 50. b4 axb4 51. Rb3 Rc3 52. Rxb4 Rxg3 53. Rb5 Rg2+ 54. Kc1 Ra2 55. Re5+ Kxf4 56. Rxe6 Kg4 57. Rd6 Rxa4 58. Rd5 f4 59. Kd2 Kxh4 60. Kd3 Kg4 61. Ke4 Ra1 62. Rxd4 Re1+ 63. Kd3 Kf3 64. Rd8 Rd1+ 0-1

[Event "*** Titled Tuesday Blitz"]
[Site "Chess.com"]
[Date "2020.10.20"]
[Round "9"]
[White "maximnovik"]
[Black "boasovietica"]
[Result "1/2-1/2"]
[WhiteElo "2513"]
[BlackElo "2395"]
[TimeControl "180+1"]
[EndTime "11:49:02 PDT"]
[Termination "Game drawn - insufficient material"]

1. d4 Nf6 2. c4 g6 3. Nc3 Bg7 4.
g3 O-O 5. Bg2 c5 6. d5 e6 7. Nf3 exd5 8. cxd5 d6 9. O-O a6 10.
a4 Re8 11. Bf4 Ne4 12. Nxe4 Rxe4 13. Nd2 Rb4 14. b3 Rxf4 15. gxf4 Nd7 16. Rb1 Rb8 17. b4 b5 18. axb5 axb5 19. Nb3 Qf6 20. e3 Qc3 21.
Na5 cxb4 22. Nc6 Ra8 23. Nxb4 Nc5 24. Nc6 Kf8 25. Rxb5 Bf5 26. Qc1 Bd3 27. Qxc3 Bxc3 28. Rc1 Bxb5 29. Rxc3 Ra1+ 30. Bf1 Bxf1 31. f3 Bc4+ 32.
Kf2 Bxd5 33. Nd4 Ra2+ 34. Kg3 h5 35. h4 Kg7 36. f5 Kf6 37. Kf4 Rd2 38. Ra3 Rd3 39.
Ra7 Rc3 40. e4 Nd3+ 41. Kg3 Bc4 42. Rc7 Ne5 43. Kg2 Rd3 44. Nc6 Rd2+ 45. Kg3 Nxc6 46.
Rxc6 Be2 47. Kf4 Rd3 48. e5+ Kg7 49. exd6 Bxf3 50. Rb6 Bg4 51. fxg6 fxg6 52. Ke5 Re3+ 53. Kf4 Re1 54. Rb7+ Kf6 55. Rb6 Rd1 56. d7+ Kf7 57. Kg5 Rxd7 58. Rxg6 Rd5+ 59. Kh6 Re5 60. Rg7+ Kf8 61.
Rg6 Re6 62. Rxe6 Bxe6 63. Kxh5 Kg7 64. Kg5 Kh7 65. h5 Bf7 66. h6 Be8 67. Kf6 Kxh6 1/2-1/2

[Event "*** Titled Tuesday Blitz"]
[Site "Chess.com"]
[Date "2020.10.20"]
[Round "9"]
[White "Chessbard1972"]
[Black "chenxiaoyuer"]
[Result "0-1"]
[WhiteElo "2286"]
[BlackElo "2503"]
[TimeControl "180+1"]
[EndTime "11:49:05 PDT"]
[Termination "chenxiaoyuer won on time"]

1. d4 Nf6 2. c4 g6 3. Nf3 Bg7 4. g3 O-O 5. Bg2 d6 6. O-O Nc6 7. Nc3 Bg4 8. h3 Bxf3 9. exf3 d5 10. c5 e6 11. f4 Nd7 12. b4 Nxd4 13. Bb2 Nf5 14. Qd2 a5 15. a3 c6 16. h4 e5 17.
fxe5 Nxe5 18. Rac1 Bh6 19. f4 Nc4 20. Qf2 Nxb2 21. Qxb2 Nxg3 22. Rf3 Qxh4 23. Qf2 Nf5 24. Qxh4 Nxh4 25. Rf2 Bg7 26. Ne2 axb4 27. axb4 Ra2 28.
Kf1 Nf5 29. Bh3 Ne3+ 30. Ke1 Rb2 31. Rf3 Nc2+ 32. Kd1 Nd4 33. Nxd4 Bxd4 34. Rd3 Rxb4 35. f5 Bf6 36. fxg6 hxg6 37. Rf3 Kg7 38. Rc2 Ra8 39.
Ke2 Re4+ 40. Kf2 Bd4+ 41. Kg2 Ra1 42. Rf1 Rxf1 43. Kxf1 Re3 44. Bc8 Re7 45. Rc1 Rc7 46.
Bh3 Kf8 47. Ke2 Ke7 48. Kd3 Be5 49. Re1 f6 50. Rg1 Kf7 51. Rh1 Re7 52. Bc8 Kg7 53.
Rb1 Kf7 54. Rxb7 Ke8 55. Rb6 Rc7 56. Bh3 Bh2 57. Rb8+ Ke7 58. Rh8 f5 59. Bg2 Be5 60. Bf3 Kf6 61. Rf8+ Kg5 62. Rg8 Kf4 63. Bd1 g5 64. Rg6 g4 65. Ba4 Kg3 66. Bxc6 f4 67.
Rg5 f3 0-1

[Event "*** Titled Tuesday Blitz"]
[Site "Chess.com"]
[Date "2020.10.20"]
[Round "9"]
[White "BikingBrian"]
[Black "Unknown_IM"]
[Result "0-1"]
[WhiteElo "2249"]
[BlackElo "2363"]
[TimeControl "180+1"]
[EndTime "11:49:05 PDT"]
[Termination "Unknown_IM won by resignation"]

1. d4 Nf6 2. Bg5 d5 3. Nd2 c5 4. Bxf6 exf6 5. dxc5 Bxc5 6. Nb3 Bb6 7. e3 O-O 8. Nf3 Nc6 9. Be2 Re8 10. O-O Ne5 11.
Nbd4 Bd7 12. c3 Rc8 13. h3 Nc4 14. Rb1 Qc7 15. Bd3 Nd6 16. Nh4 g6 17. Nhf3 Ne4 18.
Rc1 Qd6 19. Nb5 Qc5 20. Nbd4 Bc7 21. c4 dxc4 22. Rxc4 Qd6 23. Qc2 f5 24. Rc1 Kg7 25.
Rxc7 Rxc7 26. Qxc7 Qe7 27. Bxe4 fxe4 28. Nd2 Rc8 29. Qxc8 Bxc8 30. Rxc8 f5 31. Nb5 Qb4 32. Rc7+ Kh6 33. Nc3 Qxb2 34. Nf1 Qa1 35. g3 b6 36. h4 a6 37. Nd5 b5 38. Nf6 Qxf6 39. Rc2 Qb6 40. Kg2 a5 41. Nd2 b4 42. Rb2 Qb5 43. Nb3 a4 44. Nd4 Qc4 45. Rc2 Qd3 46.
Rb2 Qc3 47. Rc2 Qa3 48. g4 fxg4 49. Kg3 b3 50. axb3 axb3 51. Nxb3 Qxb3 52. Rd2 Qb8+ 53. Kg2 Qe5 54. Rd4 Kh5 55. Kf1 g3 56. fxg3 Kg4 57.
Ke2 Kxg3 58. Rd7 Qf5 59. Rxh7 Qf3+ 60. Kd2 Qf2+ 61. Kc3 Qxe3+ 62. Kc4 Qd3+ 63. Kc5 e3 64. h5 e2 65. Rg7 e1=Q 66. Rxg6+ Kh4 67. Rd6 Qec3+ 68. Kb6 Qxd6+ 69. Kb7 Qdc6+ 0-1

[Event "*** Titled Tuesday Blitz"]
[Site "Chess.com"]
[Date "2020.10.20"]
[Round "9"]
[White "Shahinyan_ChessMood"]
[Black "GM_Levan_Pantsulaia"]
[Result "0-1"]
[WhiteElo "2732"]
[BlackElo "2862"]
[TimeControl "180+1"]
[EndTime "11:49:06 PDT"]
[Termination "GM_Levan_Pantsulaia won by resignation"]

1. e4 c5 2. Nc3 a6 3. g3 b5 4. Bg2 Bb7 5. d3 g6 6. Be3 d6 7. Qd2 Bg7 8. Nge2 b4 9. Nd1 a5 10. O-O Nd7 11. f4 h5 12. h3 Qb6 13. f5 gxf5 14. Rxf5 e6 15. Rf2 Ne7 16. a3 Ne5 17. axb4 axb4 18. Rxa8+ Bxa8 19. b3 N5g6 20. Bg5 Nc6 21.
Ne3 Nce5 22. Nf4 h4 23. g4 Nxf4 24. Rxf4 Bc6 25. Kh1 Qa7 26. Rf1 Bb5 27. Qf2 Ng6 28. Bf6 Bxf6 29. Qxf6 Qe7 30. Qg7 Qf8 31. Qf6 Qe7 32. Qg7 Qf8 33. Qa1 Qe7 34. Qa8+ Qd8 35. Qxd8+ Kxd8 36. Rxf7 Ne5 37. Rf1 Ke7 38. Kg1 Nc6 39.
Ra1 Nd4 40. Ra7+ Kf6 41. Rb7 Ra8 42. Rh7 Ra2 43. Rxh4 Kg5 44. Rh8 Kf4 45. Nf1 Rxc2 46. Rf8+ Ke5 47. g5 Bxd3 48. g6 Rxg2+ 49. Kxg2 Bxe4+ 50. Kg3 Bxg6 51. Ne3 d5 52. Ng4+ Kd6 53. h4 Nxb3 54.
Rf6 Be4 55. h5 c4 56. Nf2 Bb1 57. h6 Nc5 58. Rf8 b3 59. Ra8 b2 60. Rb8 c3 61.
Kg2 Bf5 62. Rf8 b1=Q 0-1

[Event "*** Titled Tuesday Blitz"]
[Site "Chess.com"]
[Date "2020.10.20"]
[Round "9"]
[White "zurzan"]
[Black "Margarita2907"]
[Result "0-1"]
[WhiteElo "2011"]
[BlackElo "2174"]
[TimeControl "180+1"]
[EndTime "11:49:06 PDT"]
[Termination "Margarita2907 won on time"]

1. f4 d5 2. Nf3 Nf6 3. g3 g6 4. Bg2 Bg7 5. O-O O-O 6. d3 c6 7. c3 Nbd7 8. Qc2 Re8 9. e4 dxe4 10. dxe4 Nc5 11. Rd1 Qc7 12. e5 Bf5 13. Qe2 Nd5 14.
Nd4 Bd7 15. b4 Na4 16. Bd2 Rad8 17. Rc1 Qc8 18. c4 Bg4 19. Qe4 Nc7 20. Be3 Nb6 21. Nd2 Ne6 22. Nxe6 Bxe6 23. a4 Bf5 24. Qf3 f6 25. a5 Nd7 26. g4 fxe5 27. gxf5 exf4 28. Bxf4 Bxa1 29. Rxa1 Rf8 30. Bh6 Rxf5 31.
Qc3 Nf6 32. Bh3 Rd6 33. Ne4 Re6 34. Bxf5 gxf5 35. Qg3+ Kf7 36. Qg7+ Ke8 37. Qf8+ Kd7 38. Rd1+ Kc7 39. Qxc8+ Kxc8 40. Nxf6 Rxf6 41. Bf4 Rg6+ 42. Kf2 Re6 43. Rd2 Re4 44. Kf3 Rxc4 45. Rb2 Rc3+ 46. Kf2 Rc4 47. Bg5 Re4 48. Re2 Rxb4 49. Rxe7 Rb2+ 50.
Kg3 Rb5 51. a6 bxa6 52. Rxa7 a5 53. Rxh7 Rb3+ 54. Kf4 a4 55. Kxf5 a3 56. Bf6 a2 57.
Ke6 Re3+ 58. Kd6 Rf3 59. Be5 Kb8 60. Kxc6+ Ka8 61. h4 Re3 62. Bb2 Re1 0-1

[Event "*** Titled Tuesday Blitz"]
[Site "Chess.com"]
[Date "2020.10.20"]
[Round "9"]
[White "MITerryble"]
[Black "dretch"]
[Result "1-0"]
[WhiteElo "2907"]
[BlackElo "2816"]
[TimeControl "180+1"]
[EndTime "11:49:07 PDT"]
[Termination "MITerryble won by resignation"]

1. d4 d5 2. Bg5 h6 3. Bh4 c6 4. e3 Qb6 5. b3 Bf5 6. Bd3 Bxd3 7. Qxd3 Nd7 8. Nf3 Ngf6 9. Nbd2 e6 10. O-O Be7 11.
c4 O-O 12. e4 dxe4 13. Nxe4 Rad8 14. Qe2 Rfe8 15. Nc3 c5 16. Na4 Qc6 17. dxc5 Bxc5 18. Nxc5 Qxc5 19. Rad1 Qh5 20. Rfe1 e5 21. Bxf6 Nxf6 22.
Rxd8 Rxd8 23. Qxe5 Qg6 24. h3 Re8 25. Qa5 Rxe1+ 26.
Qxe1 Qc2 27. Qd2 Qb1+ 28. Kh2 Ne4 29. Qd8+ Kh7 30. Qd4 a6 31. Qe3 Nf6 32. Ne5 Kg8 33. Qd2 Qe4 34. Qd8+ Kh7 35. Qd3 Qxd3 36. Nxd3 Ne4 37.
f3 Nc3 38. Nc5 Nxa2 39. Nxb7 Kg6 40. Kg3 Kf5 41. Kf2 Nc1 42. Nc5 Ke5 43. Ke3 Kd6 44.
b4 a5 45. Nb7+ Kc7 46. Nxa5 Na2 47. b5 Nc3 48. Nb3 Nd1+ 49. Kd4 Kb6 50. Nc5 Nb2 51. Nd7+ Kc7 52. Ne5 f6 53. Nd3 Nd1 54. c5 Kd7 55.
b6 Kc6 56. Nb4+ Kb7 57. Kd5 Ne3+ 58. Kd6 Nc4+ 59. Kd7 Ne5+ 60. Kd6 Nc4+ 61. Ke6 Ne3 62. g4 Ng2 63. Kd7 Nf4 64. c6+ Kxb6 65. c7 Kc5 66. c8=Q+ Kxb4 67. Qb8+ Kc3 68. Qxf4 Kd3 69. Qe4+ Kd2 70.
Ke6 1-0

[Event "*** Titled Tuesday Blitz"]
[Site "Chess.com"]
[Date "2020.10.20"]
[Round "9"]
[White "MF1966Idrisov"]
[Black "Chamal_Gedgafov"]
[Result "1-0"]
[WhiteElo "2332"]
[BlackElo "2168"]
[TimeControl "180+1"]
[EndTime "11:49:07 PDT"]
[Termination "MF1966Idrisov won by checkmate"]

1. Nf3 d5 2. b3 c6 3. Bb2 Bg4 4.
e3 Nd7 5. Be2 Ngf6 6. d4 e6 7.
Nbd2 Bd6 8. Ne5 Bxe2 9. Qxe2 Qc7 10. f4 c5 11. c4 cxd4 12. exd4 Bb4 13. O-O Bxd2 14.
Qxd2 Ne4 15. Qb4 Ndf6 16. Qb5+ Kf8 17. Ba3+ Kg8 18. Rac1 Qb6 19. Bc5 Qxb5 20. cxb5 g6 21. Be7 Ne8 22. g4 f6 23. Nd7 h6 24. f5 exf5 25.
gxf5 Rh7 26. Nxf6+ N8xf6 27. Bxf6 Rf7 28. Be5 gxf5 29.
Kg2 Kh7 30. Kh3 Rg8 31. a4 h5 32. Kh4 Rg4+ 33. Kxh5 Rg2 34. Rf3 f4 35. Rxf4 Rxh2+ 36. Kg4 Rg2+ 37. Kh3 Rxf4 38. Bxf4 Rg8 39. Rc7+ Kg6 40.
Rxb7 Kf5 41. Be5 Nf2+ 42. Kh2 Ke4 43. Rxa7 Kf3 44. Rf7+ Ke2 45. b6 Kf1 46. Rxf2+ Kxf2 47. Kh3 Kf3 48. b7 Rg1 49. Kh4 Rh1+ 50. Kg5 Rg1+ 51.
Kf5 Rb1 52. b8=Q Ke3 53. Qd6 Kd3 54. Ke6 Rxb3 55. Qxd5 Rc3 56. Bd6 Kc2 57. Qe5 Re3 58.
d5 Rxe5+ 59. Bxe5 Kb3 60. d6 Kxa4 61. d7 Kb5 62. d8=Q Kc4 63. Qc7+ Kb3 64. Qc3+ Ka4 65. Qb2 Ka5 66. Kd5 Ka6 67. Kc5 Ka7 68. Kc6 Ka8 69.
Qb7# 1-0

[Event "*** Titled Tuesday Blitz"]
[Site "Chess.com"]
[Date "2020.10.20"]
[Round "9"]
[White "bait_or_mate"]
[Black "C_K_G"]
[Result "0-1"]
[WhiteElo "2577"]
[BlackElo "2160"]
[TimeControl "180+1"]
[EndTime "11:49:09 PDT"]
[Termination "C_K_G won by resignation"]

1. d4 d5 2. c4 c6 3. cxd5 cxd5 4. Bf4 Nf6 5. Nc3 a6 6. e3 e6 7. Bd3 Bd6 8. Bxd6 Qxd6 9. f4 O-O 10. Nf3 Nc6 11. O-O b5 12. Rc1 Bb7 13. Ne5 Rac8 14. Qf3 Ne7 15. a3 Nf5 16. Qh3 g6 17. g4 Ng7 18. g5 Ne4 19. Bxe4 dxe4 20. Ng4 Nh5 21.
Ne2 Rxc1 22. Rxc1 f6 23. gxf6 Nxf6 24. Ne5 Bd5 25. b4 Qe7 26. Rc5 Bb7 27. Nc3 Rc8 28.
Qh4 Rxc5 29. bxc5 Nd5 30. Qxe7 Nxe7 31. Kf2 Kg7 32. Ke2 h6 33. Kd2 g5 34. fxg5 hxg5 35. Kc2 Nf5 36. Kd2 Ne7 37. Ne2 Kf6 38. Ng3 Bd5 39. Kc3 a5 40. Kd2 Nf5 41. Nxf5 exf5 42. Nd7+ Ke6 43. Ne5 f4 44. Ng4 f3 45. Nf2 b4 46. axb4 axb4 47. Kc2 b3+ 48. Kc3 Kf5 49.
Kb2 g4 50. Nh1 Kg5 51. c6 Bxc6 52. Kxb3 Kh4 53. Kc4 Kh3 54. Nf2+ Kxh2 55. Nxg4+ Kg3 56. Nh2 Kxh2 57. d5 Bxd5+ 58. Kxd5 f2 59. Kxe4 f1=Q 60. Kd5 Kg3 61. e4 Qf3 62. Kd4 Kf4 63. e5 Qe3+ 64.
Kd5 Qxe5+ 65. Kc6 0-1

[Event "*** Titled Tuesday Blitz"]
[Site "Chess.com"]
[Date "2020.10.20"]
[Round "9"]
[White "ThePatrick27"]
[Black "aloe_normansen"]
[Result "1-0"]
[WhiteElo "2565"]
[BlackElo "2364"]
[TimeControl "180+1"]
[EndTime "11:49:14 PDT"]
[Termination "ThePatrick27 won by resignation"]

1. d4 Nf6 2. c4 g6 3. Nc3 Bg7 4. Nf3 O-O 5. e4 d6 6. Be2 e5 7. O-O Nc6 8. d5 Ne7 9. Ne1 Ne8 10. f3 f5 11. g4 h6 12. Be3 fxg4 13. fxg4 g5 14. Nd3 Ng6 15. Rxf8+ Bxf8 16. Nf2 Nf4 17. b4 Qf6 18. c5 Bg7 19. Rc1 Bd7 20. Bb5 Bxb5 21. Nxb5 a6 22. Nc3 Qg6 23. Ne2 Nf6 24.
Ng3 h5 25. gxh5 N6xh5 26. Nxh5 Nxh5 27. Qg4 Nf4 28. cxd6 cxd6 29. Rc8+ Rxc8 30. Qxc8+ Kh7 31. Qxb7 Qh5 32. Bxf4 exf4 33. Qd7 Qe2 34. Qh3+ Kg8 35. Qd3 Qe1+ 36. Kg2 Qxb4 37. Qxa6 Qd2 38. Qc8+ Kh7 39. Qf5+ Kg8 40. a4 Kh8 41. a5 Qxa5 42. Qxg5 Qd2 43. Qh4+ Kg8 44. Qd8+ Kh7 45. Qxd6 Bd4 46. Qe7+ Kg6 47.
Qe6+ Kg7 48. Qe7+ Kg6 49. Qh4 Qe3 50. Qg4+ Kf6 51. Qf3 Qd2 52. h4 Be3 53. h5 Kg5 54.
Qg4+ Kf6 55. Qf3 Kg5 56. Kf1 Qc1+ 57. Nd1 Qd2 58. Qg2+ Qxg2+ 59. Kxg2 Bc5 60. Kf3 Bd6 61. Nf2 Kxh5 62. Nh3 Kg6 63. Nxf4+ Kf6 64. Nd3 Bc7 65. Ke3 Bb6+ 66. Kf4 Bc7+ 67. e5+ Ke7 68. Ke4 Bb6 69. d6+ Kd7 70. Kd5 1-0

[Event "*** Titled Tuesday Blitz"]
[Site "Chess.com"]
[Date "2020.10.20"]
[Round "9"]
[White "ViktoriyaTarasova"]
[Black "andresgv36"]
[Result "0-1"]
[WhiteElo "2264"]
[BlackElo "2435"]
[TimeControl "180+1"]
[EndTime "11:49:14 PDT"]
[Termination "andresgv36 won by resignation"]

1. d4 Nf6 2. c4 e5 3. dxe5 Ng4 4. e3 Nxe5 5. f4 Nec6 6. Bd3 Bb4+ 7. Bd2 a5 8. a3 Bxd2+ 9. Qxd2 Na6 10. Nf3 Nc5 11. Bc2 d6 12. O-O O-O 13. Nc3 f6 14. e4 Be6 15.
Nd5 a4 16. Rae1 Na5 17. Nd4 Nab3 18. Qc3 c6 19. Nxe6 Nxe6 20. Ne3 Qb6 21. Bxb3 axb3 22.
Kh1 Nc5 23. Nf5 Rad8 24. Qg3 g6 25. h4 Kh8 26. Nh6 Qc7 27. Ng4 Qg7 28. Nf2 Rde8 29.
Kg1 Re6 30. Re3 Rfe8 31. Rfe1 f5 32. exf5 gxf5 33. Qxg7+ Kxg7 34. Rxe6 Rxe6 35. Rxe6 Nxe6 36. Nd3 Nd4 37. Kf2 Kf6 38. Ke3 c5 39. Kf2 Ke6 40.
Ke3 d5 41. cxd5+ Kxd5 42. Ne5 c4 43. Kd2 Nb5 44. g4 Ke4 45. gxf5 c3+ 46. bxc3 Kxf5 47. Nd3 Nxa3 48. Kc1 Nc4 49. Nc5 b2+ 50. Kc2 Kxf4 51.
Nd3+ Kg4 52. Nf2+ Kxh4 53. Ne4 Kg4 54. Nf6+ Kf5 55. Nxh7 Ke4 56. Nf8 Kd5 57. Nd7 Kc6 58.
Nf6 Kb5 59. Ne4 Ka4 60. Nf2 Ka3 61. Nd3 Ka2 62. Nxb2 Nxb2 63. c4 Nxc4 64. Kc3 Nd6 65. Kb4 b5 66. Kc5 Ka3 67. Kxd6 b4 68. Kd5 b3 69.
Kd4 b2 70. Kd5 Ka2 71. Kd6 b1=Q 72. Kd7 Qb3 73. Kd8 Ka3 74. Kd7 Qb4 75. Kd8 Ka4 76. Kd7 Qb6 0-1

[Event "*** Titled Tuesday Blitz"]
[Site "Chess.com"]
[Date "2020.10.20"]
[Round "9"]
[White "IngOscarArdila"]
[Black "konradrutkowski"]
[Result "0-1"]
[WhiteElo "2194"]
[BlackElo "2416"]
[TimeControl "180+1"]
[EndTime "11:49:26 PDT"]
[Termination "konradrutkowski won on time"]

1. d4 Nf6 2. c4 g6 3. Nc3 Bg7 4. e4 d6 5. Nf3 O-O 6. Be2 e5 7.
d5 a5 8. O-O Na6 9. Bg5 h6 10.
Bxf6 Bxf6 11. a3 Bd7 12. Qc2 Qe8 13. b3 Bg7 14. Rab1 Nc5 15. b4 axb4 16. axb4 Na4 17.
Ra1 Nxc3 18. Qxc3 Qe7 19. c5 Kh8 20. c6 bxc6 21. dxc6 Be6 22. Bc4 Bg4 23. h3 Be6 24.
b5 f5 25. Nd2 fxe4 26. Bxe6 Qxe6 27. Nxe4 d5 28. Nc5 Qd6 29. Nb7 Qe7 30. Rxa8 Rxa8 31. Qd3 Qf7 32. Rd1 d4 33. Qe4 Ra2 34. Rf1 Rb2 35.
Nd8 Qf5 36. Qd5 e4 37. Qd7 e3 38. fxe3 Qe4 39. Qg4 Qxg4 40. hxg4 dxe3 41. Ne6 Rxb5 42. Re1 Re5 43. Nxc7 e2 44. Kf2 Rc5 45. Rxe2 Rxc6 46.
Ne6 Bf6 47. Kf3 Rc4 48. Nf4 Kg7 49. g3 Rc3+ 50. Kg2 Ra3 51. Nd5 Bg5 52. Nc7 Kf7 53. Ne6 Bf6 54. Nf4 Ra4 55. Nd5 Bg5 56. Rf2+ Ke6 57.
Nf4+ Kf6 58. Nd5+ Ke5 59. Nc3 Rxg4 60. Re2+ Kd4 61. Kf3 h5 62. Ne4 Be7 63. Nf2 Rg5 64.
Rxe7 Rf5+ 65. Kg2 Kd5 66. Rg7 g5 67. Nh3 h4 68. Nf4+ gxf4 69. Rg4 hxg3 70. Kf3 Ke5 71. Kg2 Ke4 72. Kf1 Kf3 73. Rg5 Rxg5 0-1

[Event "*** Titled Tuesday Blitz"]
[Site "Chess.com"]
[Date "2020.10.20"]
[Round "9"]
[White "GigaQuparadze"]
[Black "LyonBeast"]
[Result "1/2-1/2"]
[WhiteElo "2894"]
[BlackElo "3041"]
[TimeControl "180+1"]
[EndTime "11:49:30 PDT"]
[Termination "Game drawn - insufficient material"]

1. e4 c6 2. d4 d5 3. Nc3 dxe4 4. Nxe4 Nf6 5. Nxf6+ exf6 6. c3 Bd6 7. Bd3 O-O 8.
Qc2 Re8+ 9. Ne2 h5 10. O-O Qc7 11. h3 Nd7 12. Ng3 Bxg3 13. fxg3 Nf8 14. Bf4 Qa5 15. Qf2 Ng6 16. Bd2 Be6 17. c4 Qc7 18.
Bc3 Rad8 19. b3 b5 20. Rac1 bxc4 21. bxc4 Qb6 22. Ba1 Qa6 23. Rfd1 Qa5 24. Be4 Qa4 25. Qc2 Qxc2 26. Bxc2 Ne7 27. Ba4 Rf8 28.
Bb2 Nf5 29. Bxc6 Ne3 30. Re1 Nxc4 31. Bc3 a5 32. a4 Bd5 33. Bb5 Rc8 34. Re2 Na3 35.
Rb2 Nc4 36. Rbb1 g6 37. Be1 Na3 38. Ra1 Nxb5 39. Rxc8 Rxc8 40. axb5 Rc2 41. Bf2 Rb2 42. Rxa5 Kg7 43. b6 Be4 44. d5 Rb1+ 45. Kh2 Rb2 46.
Ra4 Bxd5 47. Rf4 Re2 48. Kg1 g5 49. Rd4 Bc6 50. Rc4 Re6 51. Rc2 Kg6 52. Ra2 Bb7 53. Ra7 Re7 54. Ra4 Rd7 55. Ra2 Rd1+ 56. Kh2 Rb1 57.
Rc2 Be4 58. Rd2 Rb3 59. Bd4 f5 60. Ra2 h4 61. gxh4 gxh4 62. Ra6 Kh5 63. b7 Bxb7 64. Rf6 Kg5 65. Rxf7 Be4 66. Be5 Rb5 67. Rg7+ Kh6 68.
Bf6 Rb6 69. Bd4 Rd6 70. Be5 Re6 71. Bd4 f4 72. Rg4 Rg6 73. Rxh4+ Kg5 74. Rg4+ Kh5 75. Rxg6 Kxg6 76. Be5 f3 77. gxf3 Bxf3 78. Kg3 Bd5 79. Bf4 Be6 80. h4 Kh5 81. Kf2 Bc8 82. Bd6 Bd7 83.
Bc7 Kxh4 1/2-1/2

[Event "*** Titled Tuesday Blitz"]
[Site "Chess.com"]
[Date "2020.10.20"]
[Round "9"]
[White "11kevin"]
[Black "AlexTriapishko"]
[Result "0-1"]
[WhiteElo "2581"]
[BlackElo "2792"]
[TimeControl "180+1"]
[EndTime "11:49:30 PDT"]
[Termination "AlexTriapishko won by resignation"]

1. d4 d5 2. c4 e6 3. Nf3 c6 4. Nc3 dxc4 5. a4 c5 6. e3 cxd4 7. exd4 Nf6 8. Bxc4 Be7 9. O-O O-O 10. Qe2 Nc6 11. Rd1 Nb4 12. Ne5 Bd7 13. Bg5 Bc6 14. Nxc6 bxc6 15. a5 Nfd5 16. Bxe7 Qxe7 17. Ne4 Rad8 18.
Ra3 g6 19. Nc5 Qf6 20. g3 Ne7 21. Ne4 Qg7 22. Rb3 Rb8 23. Qf3 Nbd5 24. a6 Nf5 25. Rxb8 Rxb8 26. Bxd5 exd5 27. Qf4 Rb4 28. Nc5 Rxd4 29.
Qb8+ Qf8 30. Qxf8+ Kxf8 31. Rc1 Ke7 32. Nb3 Rc4 33.
Rxc4 dxc4 34. Na5 Nd4 35. Nxc4 Ke6 36. f4 Nc2 37. Kf2 Nb4 38. Ke3 Nxa6 39. Kd4 f6 40.
h3 Nc7 41. Kc5 Kd7 42. Na5 Ne6+ 43. Kc4 Kc7 44. b4 h5 45. h4 Ng7 46. Kc5 Ne6+ 47. Kc4 Kb6 48. Nb3 a6 49. Nd2 c5 50. Ne4 cxb4 51.
Kxb4 f5 52. Nd6 Kc6 53. Nc4 Kd5 54. Ne5 Nd4 55. Nxg6 Ne2 56. Ne7+ Ke4 57. Ng8 Nxg3 58. Nf6+ Kxf4 59. Kc5 Ke5 60. Nd7+ Ke6 61. Nf8+ Kf7 62. Nd7 Ke7 63. Ne5 Ke6 64. Nd3 a5 65. Kb5 Kd5 66.
Kxa5 Kd4 67. Nf4 Ke4 68. Nh3 f4 69. Kb4 Nf5 70. Ng5+ Ke3 71. Kc5 f3 72. Nxf3 Kxf3 73. Kd5 Nxh4 0-1